cohdb
Replays
Latest Replays
All Replays
Popular Replays
Top Player Replays
Match Explorer
How It Works
Community
CoH3 Stats
Reddit
Sign in to upload your games and track your stats! →
Sign in with Steam
Match 43701102
Unlisted
Match 43701102
Overview
Messages
Build Orders
End
Selects Luftwaffe Battlegroup
Selects Luftwaffe Pioneer Support
Fallschirmpioneer Squad Paradrop
Construct Infanterie Kompanie
MG 42 Machine Gun Team
Fallschirmpioneer Squad Paradrop
Construct Panzergrenadier Kompanie
Selects Stuka Strafing Run
Selects Stuka Strafing Run
Fallschirmpioneer Squad Paradrop
Stuka Strafing Run
无火的余灰(っ◞‸◟c)
datgamingsheepdog17
matrix4x4
PapagaioLouco
foxinsox00
Thyxel
erikvandenwijngaard
Huelebragas
0
0
Comments
sign in to comment!
No comments posted yet!